 Dungeon Crawl Stone Soup version 0.29.1-1-gd02db6906a (webtiles) character file.

Game seed: 11673291710055402868

54 NinjaNoafa the Trooper (level 3, -4/31 HPs)
             Began as a Palentonga Fighter on Oct 10, 2022.
             Was an Initiate of Cheibriados.
             Slain by a gnoll
             ... wielding a +1 flail of protection
              (7 damage)
             ... on level 2 of the Dungeon.
             The game lasted 00:01:53 (1560 turns).

NinjaNoafa the Trooper (Palentonga Fighter)         Turns: 1560, Time: 00:01:54

Health: -4/31      AC:  7    Str: 24    XL:     3   Next: 66%
Magic:  3/3        EV:  7    Int:  9    God:    Cheibriados [......]
Gold:   107        SH:  4    Dex: 10    Spells: 2/2 levels left

rFire   . . .      SeeInvis +   a - +0 war axe
rCold   . . .      Faith    .   c - +0 buckler
rNeg    . . .      Spirit   .   b - +0 scale mail
rPois   .          Reflect  .   (no helmet)
rElec   .          Harm     .   (no cloak)
rCorr   .          Rampage  .   m - +0 pair of gloves
Will    .....                   (no barding)
Stlth   ..........              (no amulet)
HPRegen 0.10/turn               (no ring)
MPRegen 0.08/turn               (no ring)

@: very slow
A: large, rugged brown scales 3, see invisible, deformed body, roll 1, armoured
tail
a: Rolling Charge, Renounce Religion


You were on level 2 of the Dungeon.
You worshipped Cheibriados.
Cheibriados was noncommittal.
You visited 1 branch of the dungeon, and saw 2 of its levels.

You collected 107 gold pieces.

Inventory:

Hand Weapons
 a - a +0 war axe (weapon)
Missiles
 g - 35 stones
Armour
 b - a +0 scale mail (worn)
 c - a +0 buckler (worn)
 m - a +0 pair of gloves (worn)
Scrolls
 f - a scroll of magic mapping {unknown}
 i - 2 scrolls of enchant weapon {unknown}
 j - a scroll of acquirement {unknown}
 k - a scroll of poison {unknown}
 l - 4 scrolls of identify {unknown}
Potions
 d - a potion of might
 e - a potion of invisibility
 h - 2 potions of heal wounds


   Skills:
 + Level 3.5 Fighting
 + Level 2.7 Axes
 + Level 2.9 Armour
 - Level 3.0 Shields


You had 2 spell levels left.
You didn't know any spells.
Your spell library was empty.

Dungeon Overview and Level Annotations

Branches:
Dungeon (2/15)

Altars:
Cheibriados


Innate Abilities, Weirdness & Mutations

You are completely covered in rugged brown scales. (AC +3, +7% HP)
You have supernaturally acute eyesight. (SInv)
Armour fits poorly on your strangely shaped body.
You can roll at nearby foes to attack.
You have a long armoured tail.


Message History

l - 3 scrolls labelled NUSTRY ABU ZIO (gained 1)
You now have 107 gold pieces (gained 16).
l - 4 scrolls labelled NUSTRY ABU ZIO (gained 1)
Found a robe.
You see here a +0 robe. 3 gnolls come into view.
A gnoll is wielding a +1 flail of protection.
The gnoll shouts! x3; You hear a shout!
You block the gnoll's attack.
The gnoll moves out of view.
You hit the gnoll but do no damage. You tail-slap the gnoll!
The gnoll is heavily wounded.
The gnoll hits you with a +0 club.
You slash the gnoll!
You kill the gnoll!
Cheibriados appreciates the change of pace.
A rat comes into view.
A gnoll comes into view. It is wielding a +0 flail.
The gnoll shouts!
The gnoll closely misses you.
Things that are here:
a +0 club; a throwing net; a gnoll corpse You hit the gnoll.
You tail-slap the gnoll, but do no damage.
The gnoll is moderately wounded.
You hit the gnoll. The gnoll closely misses you. You block the gnoll's attack.
You closely miss the gnoll.
Your tail-slap misses the gnoll.
The gnoll is moderately wounded.
You slash the gnoll!
The gnoll drinks a potion.
The gnoll flickers and vanishes for a moment.
The gnoll barely misses you. The gnoll hits you with a +0 flail.
The gnoll completely misses you.
The gnoll hits you from afar with a +0 spear!
The gnoll attacks as you move away! The gnoll hits you with a +0 flail.
The rat twitches its whiskers.
You hit the gnoll but do no damage. You tail-slap the gnoll.
The gnoll is severely wounded.
The gnoll hits you with a +1 flail of protection!
* * * LOW HITPOINT WARNING * * *
The gnoll hits you with a +1 flail of protection!
You die...

### ..# #.# #.# #.#
#####.######
#..........#
#.###.####[# #@#
#.# ##.###g# #.#
#....gr# #.#
#.......g# ##.##
#.##..##.###.#.##
#.. #.##.###.######
#. #...## ##.....#
#..#####.###.####.#
..........#.## #.#


You could see 3 gnolls and a rat.

Vanquished Creatures
  A gnoll (D:2)
  An adder (D:2)
  A dart slug (D:2)
  A ball python (D:2)
  A bat (D:2)
  4 endoplasms
  4 goblins
  3 hobgoblins
  4 jackals (D:2)
  3 frilled lizards
  5 kobolds
  A rat (D:2)
29 creatures vanquished.

Notes
Turn   | Place    | Note
-------+----------+-------------------------------------------
     0 | D:1      | NinjaNoafa the Palentonga Fighter began the quest for the
                  | Orb.
     0 | D:1      | Reached XP level 1. HP: 19/19 MP: 1/1
   152 | D:1      | Reached XP level 2. HP: 13/25 MP: 2/2
  1124 | D:2      | Reached XP level 3. HP: 26/31 MP: 3/3
  1237 | D:2      | Found a snail-covered altar of Cheibriados.
  1267 | D:2      | Became a worshipper of Cheibriados the Contemplative
  1560 | D:2      | Slain by a gnoll

Illustrated notes

Levels and vault maps discovered:
D:1:      dpeg_arrival_ternary, layout_loops_ring, serial_park_tiny_pond,
          st_stairs_11
D:2:      layout_loops_ring, basic_altar, glass_columns_c,
          minmay_misc_feat_hallway

Skill      XL: |  1  2 |
---------------+-------+-----
Shields        | 3 |  3.0
Fighting       | |  3.5
Axes           | |  2.7
Armour         | |  2.9

Action                   || total
-------------------------++-------
Melee: War axe           ||    94
       Tailslap          ||    11
  Use: Potion            ||     2
Armor: Scale mail        ||    81
Dodge: Dodged            ||    32
Block: Buckler           ||    33
